 Dungeon Crawl Stone Soup version 0.31.0-32-g396128a36d (webtiles) character file.

Game seed: 10834725151920306999

651 misterblockey the Magician (level 7, -9/45 HPs)
             Began as a Djinni Conjurer on Apr 5, 2024.
             Killed from afar by a bog mummy (13 damage)
             ... with a puff of frost
             ... in an ossuary.
             The game lasted 00:12:26 (4181 turns).

misterblockey the Magician (Djinni Conjurer)        Turns: 4181, Time: 00:12:27

Health: -9/45      AC:  3    Str:  6    XL:     7   Next: 84%
Gold:   132        EV: 13    Int: 22    God:
                   SH:  0    Dex: 11

rFire   + + .        (no weapon)
rCold   x . .        (no shield)
rNeg    . . .        a - +1 robe
rPois   ∞            (no helmet)
rElec   .            (no cloak)
rCorr   .            (no gloves)
SInv    .            (boots unavailable)
Will    +....        (no amulet)
Stlth   ++           d - ring of willpower
HPRegen 0.27/turn    (no ring)
MPRegen 0.00/turn

%: infuse magic (-10 HP)
@: flying
A: sickness immunity, fire resistance 2, cold vulnerability 1, float, innate
caster, HP casting, extra vitality 1
a: no special abilities


You were in an ossuary.
You visited 2 branches of the dungeon, and saw 6 of its levels.
You also visited: Ossuary.

You collected 132 gold pieces.

Inventory:

Armour
 a - a +1 robe (worn)
Jewellery
 d - a ring of willpower (left hand)
Wands
 l - a wand of roots (7)
Scrolls
 c - a scroll of fog
 n - a scroll of teleportation {unknown}
Potions
 b - a potion of heal wounds
 h - 2 potions of brilliance
 i - a potion of might {unknown}
 k - a potion of ambrosia {unknown}
 o - a potion of curing {unknown}
 p - a potion of experience {unknown}


   Skills:
 + Level 4.0 Dodging
 - Level 1.5 Stealth
 * Level 6.7 Spellcasting
 * Level 6.7 Conjurations
 * Level 6.7 Hexes
 * Level 6.7 Summonings
 * Level 6.7 Necromancy
 * Level 6.7 Translocations
 * Level 6.7 Fire Magic
 * Level 6.7 Ice Magic
 * Level 6.7 Air Magic
 * Level 6.7 Earth Magic
 * Level 6.7 Alchemy


You knew the following spells:

 Your Spells              Type           Power      Damage    Failure   Level
a - Magic Dart            Conj           100%       1d8       1%          1
b - Searing Ray           Conj           74%        2d7       1%          2
c - Fulminant Prism       Conj/Alch      18%        3d10      5%          4
d - Iskenderun's Mystic   Conj/Tloc      37%        2d9       5%          4
e - Freeze                Ice            100%       1d10      1%          1
f - Scorch                Fire           74%        2d8       1%          2
g - Jinxbite              Hex            74%        N/A       1%          2
Your spell library was empty.

Dungeon Overview and Level Annotations

Branches:
Dungeon (5/15)             Temple (1/1) D:4         Ossuary (1/1)

Altars:
Ashenzari
Cheibriados
Dithmenos
Elyvilon
Fedhas
Gozag
Hepliaklqana
Nemelex Xobeh
Okawaru
Qazlal
Ru
Trog
Uskayaw
Xom
Yredelemnul
The Shining One


Innate Abilities, Weirdness & Mutations

You are immune to sickness and miasma.
You are immune to poison.
Your flesh is very heat resistant. (rF++)
You are vulnerable to cold. (rC-)
You float through the air rather than walking.
You learn spells naturally, not from books.
Your magical power is your life essence.
You have superior vitality. (+4 MHP)


Message History

Your magical contamination has completely faded away.
Unknown command.
Casting: Iskenderun's Mystic Blast (dangerous; 6% risk of failure)
Confirm with . or Enter, or press ? or * to list all spells.
You erupt in a blast of force!
The mystic blast hits the bog mummy!
You destroy the bog mummy!
* * * LOW HITPOINT WARNING * * *
Unknown command.
The bog mummy gestures at you while chanting.
You resist with almost no effort. The bog mummy casts a spell at you.
The puff of frost misses you.
Casting: Iskenderun's Mystic Blast (dangerous; 5% risk of failure)
Confirm with . or Enter, or press ? or * to list all spells.
You erupt in a blast of force!
The mystic blast hits the bog mummy!
The bog mummy is heavily damaged.
The bog mummy is knocked back by the mystic blast.
The bog mummy slams into the metal wall!
The bog mummy is severely damaged.
The mystic blast hits the bog mummy.
The bog mummy is severely damaged.
The bog mummy is knocked back by the mystic blast.
* * * LOW HITPOINT WARNING * * *
Unknown command.
Casting: Iskenderun's Mystic Blast (dangerous; 5% risk of failure)
Confirm with . or Enter, or press ? or * to list all spells.
You erupt in a blast of force!
The mystic blast hits the bog mummy!
You destroy the bog mummy!
* * * LOW HITPOINT WARNING * * *
Unknown command.
Casting: Iskenderun's Mystic Blast (dangerous; 5% risk of failure)
Confirm with . or Enter, or press ? or * to list all spells.
You erupt in a blast of force!
The mystic blast hits the bog mummy.
The bog mummy is almost destroyed.
The bog mummy is knocked back by the mystic blast.
* * * LOW HITPOINT WARNING * * *
Unknown command.
The bog mummy points at you and mumbles some strange words.
The puff of frost hits you!
You feel a terrible chill!
You die...

##### #∩@.#
#.∩.# #...#
#~##~##M##M#~#
~~~Z~.~~.~.MP#
M~~#~≈.#~~~#~~≈
#P#. .~.# ####
##M# ≈#


You could see a bog mummy.

Vanquished Creatures
  An orc warrior (D:4)
  A black bear (D:4)
  A gnoll sergeant (D:5)
  A scorpion (D:5)
  An iguana (D:4)
  3 mummies (Ossuary)
  A crocodile zombie (Ossuary)
  4 gnolls (D:5)
  9 adders
  A ribbon worm (D:3)
  3 dart slugs
  13 orcs
  3 ball pythons
  9 bats
  5 endoplasms
  2 giant cockroaches
  6 goblins
  5 hobgoblins
  8 jackals
  5 quokkas
  A frilled lizard (D:2)
  10 kobolds
  3 rats
96 creatures vanquished.

Notes
Turn   | Place    | Note
-------+----------+-------------------------------------------
     0 | D:1      | misterblockey the Djinni Conjurer began the quest for the
                  | Orb.
     0 | D:1      | misterblockey set off with the following spells memorised:
                  | Magic Dart, Searing Ray, Fulminant Prism, Iskenderun's
                  | Mystic Blast.
     0 | D:1      | Reached XP level 1. HP: 15/15 MP: 0/0
   209 | D:1      | Reached XP level 2. HP: 16/21 MP: 0/0
   413 | D:1      | Reached XP level 3. HP: 18/25 MP: 0/0
   413 | D:1      | Learned a level 1 spell: Freeze
   516 | D:1      | Found a faded altar of an unknown god.
  1177 | D:2      | Reached XP level 4. HP: 30/31 MP: 0/0
  1758 | D:2      | Reached XP level 5. HP: 31/35 MP: 0/0
  1758 | D:2      | Learned a level 2 spell: Scorch
  2323 | D:3      | Found a hide-covered altar of Uskayaw.
  2781 | D:4      | Noticed a black bear
  2786 | D:4      | Killed a black bear
  2787 | D:4      | Reached skill level 5 in Spellcasting
  2787 | D:4      | Reached skill level 5 in Conjurations
  2787 | D:4      | Reached skill level 5 in Hexes
  2787 | D:4      | Reached skill level 5 in Summonings
  2787 | D:4      | Reached skill level 5 in Necromancy
  2787 | D:4      | Reached skill level 5 in Translocations
  2787 | D:4      | Reached skill level 5 in Fire Magic
  2787 | D:4      | Reached skill level 5 in Ice Magic
  2787 | D:4      | Reached skill level 5 in Air Magic
  2787 | D:4      | Reached skill level 5 in Earth Magic
  2787 | D:4      | Reached skill level 5 in Alchemy
  2787 | D:4      | Reached XP level 6. HP: 33/40 MP: 0/0
  3008 | D:4      | Identified the +1 flail of Muilooz {flame, rPois}
  3019 | D:4      | Noticed an orc warrior
  3033 | D:4      | Killed an orc warrior
  3208 | D:4      | Reached XP level 7. HP: 42/45 MP: 0/0
  3208 | D:4      | Learned a level 2 spell: Jinxbite
  3269 | D:4      | Found a staircase to the Ecumenical Temple.
  3275 | Temple   | Entered the Ecumenical Temple
  3856 | D:5      | Entered Level 5 of the Dungeon
  3891 | D:5      | Found a sand-covered staircase.
  4012 | Ossuary  | Entered an ossuary
  4181 | Ossuary  | Killed from afar by a bog mummy

Illustrated notes

Levels and vault maps discovered:
D:1:      amcnicky_arrival_abandoned_market, layout_basic,
          ebering_ecumenical_altar_rust
D:2:      layout_loops_cross, solitary_fountain, kennysheep_generic_room_4
D:3:      layout_loops_ring, lemuel_tele_altar
D:4:      layout_basic, temple_green, minmay_unequal
D:5:      cheibrodos_helix_gallery, layout_loops_ring,
          nicolae_ossuary_entry_false_entrances
Temple:   mainiacjoe_temple_bowtie_tessellation
Ossuary:  ossuary_zaba_flooded

Skill      XL: |  1  2  3  4  5  6  7 |
---------------+----------------------+-----
Dodging        | 3 4 |  4.0
Spellcasting   | 4 5 6 |  6.7
Conjurations   | 4 5 6 |  6.7
Hexes          | 4 5 6 |  6.7
Summonings     | 4 5 6 |  6.7
Necromancy     | 4 5 6 |  6.7
Translocations | 4 5 6 |  6.7
Fire Magic     | 4 5 6 |  6.7
Ice Magic      | 4 5 6 |  6.7
Air Magic      | 4 5 6 |  6.7
Earth Magic    | 4 5 6 |  6.7
Alchemy        | 4 5 6 |  6.7
Stealth        | |  1.5

Action                     |  1- 3 |  4- 6 |  7- 9 || total
---------------------------+-------+-------+-------++-------
  Melee: Unarmed           |       |       |     5 ||     5
   Cast: Magic Dart        |    42 |    38 |     9 ||    89
         Searing Ray       |     6 |     9 |     2 ||    17
         Scorch            |       |    25 |    16 ||    41
         Iskenderun's Myst |       |     5 |    18 ||    23
         Jinxbite          |       |       |     1 ||     1
    Use: Scroll            |       |       |     6 ||     6
         Potion            |       |       |     1 ||     1
 Armour: Robe              |     5 |     3 |     5 ||    13
  Dodge: Dodged            |    12 |     6 |     8 ||    26
